 Dungeon Crawl Stone Soup version 0.30-b1-2-g02819fbbbe (webtiles) character file.

Game seed: 15331780517738429690

253 lakpap the Trooper (level 6, -4/40 HPs)
             Began as a Gargoyle Monk on Nov 18, 2023.
             Was an Initiate of Gozag.
             Slain by a hornet (6 damage)
             ... on level 4 of the Dungeon.
             The game lasted 00:38:55 (2484 turns).

lakpap the Trooper (Gargoyle Monk)                  Turns: 2484, Time: 00:38:56

Health: -4/40      AC: 10    Str: 15    XL:     6   Next: 14%
Magic:  6/6        EV: 10    Int: 10    God:    Gozag
Gold:   182        SH:  0    Dex: 14    Spells: 5/5 levels left

rFire   . . .        K - +2 hammer (heavy)
rCold   . . .        d - orb {light}
rNeg    + . .        q - +0 scale mail
rPois   ∞            (no helmet)
rElec   +            (no cloak)
rCorr   .            (no gloves)
SInv    .            (no boots)
Will    .....        (no amulet) Stlth
                     (no ring)
HPRegen 0.26/turn    (no ring)
MPRegen 0.10/turn

%: no passive effects
@: glowing
A: sickness immunity, AC +4, negative energy resistance 1, electricity
resistance, torment resistance 1, petrification resistance
a: Renounce Religion, Potion Petition, Call Merchant, Bribe Branch


You were on level 4 of the Dungeon.
You worshipped Gozag.
Gozag was aware of your devotion.
You visited 1 branch of the dungeon, and saw 4 of its levels.

You collected 182 gold pieces.

Inventory:

Hand Weapons
 a - a +0 mace
 f - a +0 club
 h - a +0 club
 j - a +0 dagger
 k - a +0 dagger
 l - a +2 short sword of venom
 u - a +0 mace
 v - a +0 hand axe
 w - a +0 sling
 x - a +5 club
 F - a +0 rapier
 I - a +3 quarterstaff of chaos
 K - a +2 heavy hammer (weapon)
Missiles
 g - 18 stones
 i - 8 poisoned darts (quivered)
Armour
 b - a +0 robe
 d - an orb of light (worn)
 q - a +0 scale mail (worn)
 J - a +0 cloak
Magical Staves
 y - a staff of earth
Scrolls
 e - a scroll of acquirement {unknown}
 n - a scroll of enchant armour {unknown}
 r - 3 scrolls of teleportation {unknown}
 t - 7 scrolls of identify {unknown}
 z - 4 scrolls of enchant weapon {unknown}
 H - a scroll of amnesia {unknown}
Potions
 c - a potion of ambrosia
 m - a potion of degeneration {unknown}
 o - 2 potions of might {unknown}
 p - 2 potions of curing
 s - a potion of flight {unknown}
 A - 2 potions of mutation {unknown}
 B - 2 potions of invisibility {unknown}
 C - a potion of attraction {unknown}
 D - 2 potions of brilliance {unknown}
 E - a potion of heal wounds {unknown}
 G - a potion of berserk rage {unknown}


   Skills:
 + Level 4.9 Fighting
 - Level 0.3 Short Blades
 + Level 4.5 Maces & Flails
 + Level 3.7 Dodging


You had 5 spell levels left.
You didn't know any spells.
Your spell library contained the following spells:

 Spells                   Type           Power      Damage    Failure   Level
 Ozocubu's Armour         Ice            0%         N/A       99%         3
 Metabolic Englaciation   Hex/Ice        0%         N/A       100%        5
 Simulacrum               Ice/Necr       Unusable   N/A       N/A         6

Dungeon Overview and Level Annotations

Branches:
Dungeon (4/15)
 Temple: D:4-7

Altars:
Gozag


Innate Abilities, Weirdness & Mutations

You are immune to sickness and miasma.
Your stone body is resilient. (AC +4)
You are immune to poison.
You resist negative energy. (rN+)
You are resistant to electric shocks. (rElec)
You are resistant to unholy torment.
You are immune to petrification.


Message History

The orc closely misses you.
A kobold comes into view.
It is wielding a +0 short sword and quivering poisoned darts.
The hornet stings you but does no damage.
The scorpion stings you but does no damage.
The orc barely misses you.
The hornet stings you but does no damage.
The kobold moves out of view.
You completely miss the hornet.
The hornet is moderately wounded.
The scorpion barely misses you. The hornet stings you.
The orc barely misses you. The scorpion barely misses you.
The hornet closely misses you. The orc barely misses you.
You barely miss the hornet.
The hornet is moderately wounded.
The hornet stings you.
* * * LOW HITPOINT WARNING * * *
The scorpion stings you.
* * * LOW HITPOINT WARNING * * *
The hornet barely misses you. The scorpion stings you.
* * * LOW HITPOINT WARNING * * *
The orc hits you but does no damage. The hornet stings you.
* * * LOW HITPOINT WARNING * * *
The scorpion stings you but does no damage.
The orc hits you but does no damage.
You feel better. The hornet barely misses you. The scorpion stings you.
* * * LOW HITPOINT WARNING * * *
The hornet stings you.
* * * LOW HITPOINT WARNING * * *
The orc barely misses you.
You hit the hornet but do no damage.
The hornet is moderately wounded.
The hornet stings you but does no damage.
The scorpion stings you.
* * * LOW HITPOINT WARNING * * *
The orc hits you but does no damage.
The hornet stings you but does no damage.
The scorpion stings you but does no damage.
The hornet stings you.
You die...
Your body crumbles into a pile of gold.

.. .# #. .# .
#.. ##.#####.
..#..###.......
.............#
..#.......(..
..........#
.......<@.#
.....###yo# ...


#sKK# # #...# $ ..... ....... ....#$### .##.. .. #. #.. .# You could see a
hornet, a scorpion, an orc and 2 kobolds.

Vanquished Creatures
  Crazy Yiuf (D:3)
  Jessica (D:2)
  An iguana (D:3)
  An orc wizard (D:4)
  6 adders
  A dart slug (D:1)
  2 worms
  3 orcs
  12 bats
  An endoplasm (D:2)
  4 giant cockroaches
  9 goblins
  11 hobgoblins
  2 jackals (D:1)
  4 quokkas
  9 ball pythons
  2 frilled lizards
  5 kobolds
  5 rats
80 creatures vanquished.

Notes
Turn   | Place    | Note
-------+----------+-------------------------------------------
     0 | D:1      | lakpap the Gargoyle Monk began the quest for the Orb.
     0 | D:1      | Reached XP level 1. HP: 14/14 MP: 1/1
   280 | D:1      | Reached XP level 2. HP: 16/19 MP: 2/2
   343 | D:1      | Found a faded altar of an unknown god.
   500 | D:1      | Reached XP level 3. HP: 24/24 MP: 3/3
   772 | D:2      | Found an opulent altar of Gozag.
   928 | D:2      | Reached XP level 4. HP: 29/29 MP: 4/4
   939 | D:2      | Noticed Jessica
   949 | D:2      | Killed Jessica
  1388 | D:2      | Reached XP level 5. HP: 34/34 MP: 5/5
  2198 | D:3      | Found an opulent altar of Gozag.
  2202 | D:3      | Became a worshipper of Gozag Ym Sagoz the Greedy
  2263 | D:3      | Found a runed translucent door.
  2264 | D:3      | Noticed Crazy Yiuf
  2273 | D:3      | Killed Crazy Yiuf
  2274 | D:3      | Reached XP level 6. HP: 36/40 MP: 4/6
  2471 | D:4      | Noticed a hornet
  2483 | D:4      | HP: 2/40 [scorpion (4)]
  2484 | D:4      | Slain by a hornet

Illustrated notes

Levels and vault maps discovered:
D:1:      dpeg_arrival_subterranean_lakeside_camping, layout_rooms,
          hellmonk_ecumenical_altar_lost_god
D:2:      minmay_angry_zag, layout_loops_ring, basic_altar, uniq_jessica
D:3:      layout_basic, marbit_many_paths, minmay_splitting_lines,
          uniq_crazy_yiuf_cottage
D:4:      layout_basic, trog_book, minitemple, minmay_temple_entry_from_below_b,
          serial_shops, shop, uniq_edmund, uniq_grinder

Skill      XL: |  1  2  3  4 |
---------------+-------------+-----
Dodging        | 3 |  3.7
Fighting       | 4 |  4.9
Maces & Flails | 4 |  4.5
Short Blades   | |  0.3

Action                     |  1- 3 |  4- 6 || total
---------------------------+-------+-------++-------
  Melee: Mace              |    29 |    14 ||    43
         Short sword       |    65 |    89 ||   154
    Use: Scroll            |     1 |       ||     1
         Potion            |       |     1 ||     1
 Armour: Robe              |    22 |       ||    22
         Scale mail        |    18 |    62 ||    80
  Dodge: Dodged            |    68 |    56 ||   124
